 Dungeon Crawl Stone Soup version 0.28.0-49-g6dfe1f597d (webtiles) character file.

Game seed: 8220385856542736196

5779 Zeld the Transmogrifier (level 10, -39/69 HPs)
             Began as an Octopode Transmuter on May 13, 2022.
             Was an Initiate of Gozag.
             Killed from afar by Maggie (51 damage)
             ... with a bolt of fire
             ... on level 8 of the Dungeon.
             The game lasted 00:22:36 (19071 turns).

Zeld the Transmogrifier (Octopode Transmuter)      Turns: 19071, Time: 00:22:37

Health: -39/69     AC:  8    Str: 13    XL:     10   Next: 78%
Magic:  20/22      EV: 12    Int: 17    God:    Gozag
Gold:   248        SH:  0    Dex: 12    Spells: 16/26 levels left

rFire   x . .      SeeInvis .     - Unarmed
rCold   + + +      Faith    .   (shield currently unavailable)
rNeg    . . .      Spirit   .   (helmet currently unavailable)
rPois   +          Reflect  .   (no amulet)
rElec   .          Harm     .   b - ring of wizardry
rCorr   .          Rampage  .   (no ring)
Will    .....                   (no ring)
Stlth   ++++......              (no ring)
HPRegen 0.21/turn               (no ring)
MPRegen 0.18/turn               (no ring)
                                (no ring)
                                (no ring)

@: ice-form
A: freezing attack, boosted hp, almost no armour, amphibious, 8 rings, large,
(camouflage 1), (gelatinous body 1), (nimble swimmer 1), (tentacles)
a: End Transformation, Renounce Religion, Potion Petition, Call Merchant, Bribe
Branch


You were on level 8 of the Dungeon.
You worshipped Gozag.
Gozag was aware of your devotion.
You were a creature of crystalline ice.
You visited 2 branches of the dungeon, and saw 10 of its levels.
You also visited: Bailey.

You collected 1073 gold pieces.
You spent 729 gold pieces at shops.
You paid 96 gold pieces to Gozag.

Inventory:

Jewellery
 b - a ring of wizardry (left front paw)
Scrolls
 f - 2 scrolls of enchant weapon
 g - 6 scrolls of teleportation
 n - a scroll of brand weapon
 q - a scroll of magic mapping
 r - a scroll of amnesia
 u - a scroll of blinking {unknown}
Potions
 a - 2 potions of haste
 d - a potion of invisibility {unknown}
 e - 6 potions of brilliance
 h - 4 potions of curing
 i - 2 potions of berserk rage {unknown}
 j - 6 potions of attraction {unknown}
 k - 3 potions of flight
 l - 3 potions of heal wounds {unknown}
 o - a potion of cancellation {unknown}


   Skills:
 - Level 1.0 Fighting
 + Level 6.5 Dodging
 + Level 8.9 Stealth
 - Level 3.0 Unarmed Combat
 * Level 8.6 Spellcasting
 * Level 9.2 Transmutations
 - Level 2.0 Ice Magic
 - Level 2.0 Poison Magic


You had 16 spell levels left.
You knew the following spells:

 Your Spells              Type           Power      Damage    Failure   Level
a - Beastly Appendage     Tmut           76%        N/A       1%          1
b - Wereblood             Tmut           38%        N/A       1%          2
c - Spider Form           Tmut/Pois      26%        N/A       1%          3
d - Ice Form              Ice/Tmut       26%        N/A       4%          4

Your spell library contained the following spells:

 Spells                   Type           Power      Damage    Failure   Level
 Freeze                   Ice            56%        1d7       1%          1
 Slow                     Hex            28%        N/A       4%          1
 Summon Small Mammal      Summ           28%        N/A       4%          1
 Sublimation of Blood     Necr           7%         N/A       6%          2
 Mephitic Cloud           Conj/Pois/Air  9%         N/A       9%          3
 Call Canine Familiar     Summ           7%         N/A       12%         3
 Confusing Touch          Hex            7%         N/A       12%         3
 Gell's Gravitas          Tloc           7%         N/A       12%         3
 Inner Flame              Hex/Fire       7%         N/A       12%         3
 Summon Guardian Golem    Hex/Summ       7%         N/A       12%         3
 Teleport Other           Tloc           7%         N/A       12%         3
 Vampiric Draining        Necr           7%         2d6       12%         3
 Cause Fear               Hex            3%         N/A       36%         4
 Summon Lightning Spire   Summ/Air       7%         N/A       36%         4
 Lightning Bolt           Conj/Air       3%         1d15      69%         5
 Dispersal                Tloc           3%         N/A       99%         6
 Ozocubu's Refrigeration  Ice            7%         4d6       100%        7
 Summon Hydra             Summ           3%         N/A       100%        7
 Discord                  Hex            3%         N/A       100%        8


Dungeon Overview and Level Annotations

Branches:
Dungeon (9/15)             Temple (1/1) D:5          Bailey (visited)
   Lair: D:8-11         Orc: D:9-12

Altars:
Ashenzari
Cheibriados
Dithmenos
Elyvilon
Fedhas
Gozag
Hepliaklqana
Kikubaaqudgha
Makhleb
Nemelex Xobeh
Qazlal
Ru
Sif Muna
Trog
Vehumet
Wu Jian
Yredelemnul
Zin
The Shining One

Shops:
D:4 *?:!

Annotations:
D:5 3 runed translucent doors, boopmooplesden's ghost, novice MiBe; issech's ghost, novice TrMo; kingofstarryskies's ghost, novice HOFi
D:8 Maggie


Innate Abilities, Weirdness & Mutations

You are a creature of crystalline ice.
You have a powerful freezing melee attack.
Your maximum health is increased.
Your armour is entirely melded.
You are incapable of wielding weapons or throwing items.
You cannot wear most types of armour.
You are amphibious.
You can wear up to eight rings at the same time.
((Your skin changes colour to match your surroundings (Stealth+).))
((Your rubbery body absorbs attacks. (AC +1, EV +1)))
((You are camouflaged when in or above water. (Stealth+)))
((You have tentacles for arms and can constrict up to eight enemies at once.))


Message History

You hit Maggie but do no damage.
Maggie hits you with a +0 long sword of flaming.
Maggie melts you.
You barely miss Maggie. Maggie hits you but does no damage.
You barely miss Maggie.
Maggie hits you with a +0 long sword of flaming!
Maggie melts you!
You hit Maggie. You freeze Maggie.
Maggie is lightly wounded.
Maggie hits you with a +0 long sword of flaming!
Maggie melts you.
You are too injured to fight recklessly!
You barely miss Maggie.
Maggie is lightly wounded.
Maggie hits you with a +0 long sword of flaming.
* * * LOW HITPOINT WARNING * * *
Maggie melts you.
* * * LOW HITPOINT WARNING * * *
You are too injured to fight recklessly!
You barely miss Maggie.
Maggie is lightly wounded.
Maggie hits you with a +0 long sword of flaming.
* * * LOW HITPOINT WARNING * * *
Maggie melts you.
* * * LOW HITPOINT WARNING * * *
You feel better. Maggie barely misses you.
You feel better. Maggie barely misses you.
You hit Maggie. You freeze Maggie.
Maggie is lightly wounded.
Maggie hits you with a +0 long sword of flaming!
* * * LOW HITPOINT WARNING * * *
Maggie melts you!
* * * LOW HITPOINT WARNING * * *
You punch Maggie! You freeze Maggie.
Maggie is moderately wounded.
Maggie gestures at you while chanting. The bolt of fire hits you!!!
The fire burns you terribly!
Ouch! That really hurt!
You die...
Your body crumbles into a pile of gold.

# #.### ###
#..####### ##.#
###...##.# #..#
###....## ##..#
##....## ###....
###....###......
####........[......
#@Y...............#
########..........#
##..........##
##....#..###..#
##........# ##..
##........## ##.
###.####....# ##
#.### ##....# #
#.#####..##.## ##


You could see Maggie.

Vanquished Creatures
  Pikel (D:4)
  Grinder (D:4)
  2 hornets (D:8)
  A wyvern (D:7)
  9 yaks
  Menkaure (D:6)
  3 water moccasins
  An orc warrior (D:8)
  2 sky beasts
  2 ice beasts
  A necrophage (D:8)
  3 black bears
  2 ogres (Bailey)
  A lemure (D:4)
  2 centaurs (D:8)
  2 phantoms
  A kobold brigand (D:3)
  4 bullfrogs
  2 scorpions
  A water moccasin zombie (D:6)
  A howler monkey (D:3)
  4 centaur zombies
  A bullfrog zombie (D:7)
  2 orc priests
  7 hounds
  A gnoll shaman (D:3)
  4 iguanas
  3 orc wizards
  A hound skeleton (D:5)
  A mummy (D:4)
  A howler monkey zombie (D:7)
  Robin (D:4)
  16 gnolls (D:3)
  An adder (D:6)
  A white imp (D:8)
  An ufetubus (D:5)
  An adder skeleton (D:4)
  A worm (D:2)
  A dart slug (D:4)
  43 orcs
  3 endoplasms
  10 giant cockroaches
  13 goblins
  7 hobgoblins
  13 jackals
  A quokka (D:4)
  5 ball pythons
  5 bats
  3 frilled lizards
  A hobgoblin zombie (D:4)
  5 kobolds
  3 kobold zombies (D:4)
  4 rats
207 creatures vanquished.

Vanquished Creatures (others)
  4 plants (D:3)
4 creatures vanquished.

Grand Total: 211 creatures vanquished

Notes
Turn   | Place    | Note
-------+----------+-------------------------------------------
     0 | D:1      | Zeld the Octopode Transmuter began the quest for the Orb.
     0 | D:1      | Reached XP level 1. HP: 13/13 MP: 3/3
    90 | D:1      | Reached XP level 2. HP: 18/18 MP: 3/5
  1027 | D:1      | Learned a level 2 spell: Wereblood
  1046 | D:2      | Found a faded altar of an unknown god.
  1375 | D:2      | Reached XP level 3. HP: 18/23 MP: 4/6
  1379 | D:2      | Learned a level 3 spell: Spider Form
  1670 | D:2      | Reached skill level 1 in Stealth
  1977 | D:3      | Reached skill level 1 in Poison Magic
  2099 | D:3      | Reached skill level 1 in Ice Magic
  2099 | D:3      | Reached XP level 4. HP: 6/28 MP: 5/8
  2953 | D:3      | Reached skill level 3 in Transmutations
  2953 | D:3      | Reached XP level 5. HP: 8/33 MP: 7/9
  4402 | D:3      | Learned a level 4 spell: Ice Form
  4545 | D:3      | Reached XP level 6. HP: 29/38 MP: 8/10
  5845 | D:3      | Reached skill level 4 in Transmutations
  5941 | D:3      | Reached XP level 7. HP: 29/43 MP: 6/12
  6560 | D:4      | Noticed Robin
  6585 | D:4      | Killed Robin
  6711 | D:4      | Found a glowing silver altar of Zin.
  6712 | D:4      | Found a white marble altar of Elyvilon.
  6909 | D:4      | Found Pagixea's Book Emporium.
  6913 | D:4      | Found Woiqucw's Distillery.
  6914 | D:4      | Found Viyb's General Store.
  6914 | D:4      | Found Jubrefan's Magic Scroll Emporium.
  6946 | D:4      | Bought a scroll of magic mapping for 45 gold pieces
  6946 | D:4      | Bought a scroll of identify for 26 gold pieces
  6946 | D:4      | Bought a scroll of amnesia for 45 gold pieces
  6946 | D:4      | Bought a scroll of teleportation for 39 gold pieces
  7423 | D:4      | Noticed Pikel
  7439 | D:4      | Killed Pikel
  7440 | D:4      | Reached skill level 5 in Spellcasting
  7440 | D:4      | Reached skill level 5 in Transmutations
  7440 | D:4      | Reached XP level 8. HP: 16/48 MP: 9/15
  7772 | D:4      | Noticed Grinder
  8060 | D:5      | Entered Level 5 of the Dungeon
  8108 | D:5      | Found a staircase to the Ecumenical Temple.
  8117 | Temple   | Entered the Ecumenical Temple
  8391 | Temple   | Became a worshipper of Gozag Ym Sagoz the Greedy
  8702 | D:3      | Reached skill level 5 in Stealth
  9453 | D:4      | Paralysed by Grinder for 6 turns
  9537 | D:4      | Paralysed by Grinder for 3 turns
 10197 | D:4      | Paralysed by Grinder for 2 turns
 10203 | D:4      | Killed Grinder
 10324 | D:4      | Found Jubrefan's Magic Scroll Emporium.
 10327 | D:4      | Found Woiqucw's Distillery.
 10327 | D:4      | Found Pagixea's Book Emporium.
 10328 | D:4      | Found Viyb's General Store.
 10545 | D:4      | Found a white marble altar of Elyvilon.
 10564 | D:4      | Found a glowing silver altar of Zin.
 10743 | D:5      | Reached skill level 6 in Transmutations
 11467 | D:5      | Noticed a yak
 11469 | D:5      | Noticed a yak
 11469 | D:5      | Noticed a yak
 11470 | D:5      | Noticed a yak
 11470 | D:5      | Noticed a yak
 11486 | D:5      | Noticed a yak
 11498 | D:5      | Killed a yak
 11499 | D:5      | Reached XP level 9. HP: 23/53 MP: 13/18
 11965 | D:5      | Found a runed translucent gate.
 11965 | D:5      | Found a runed translucent gate.
 11965 | D:5      | Found a runed translucent gate.
 11966 | D:5      | Noticed boopmooplesden's ghost (novice MiBe)
 11967 | D:5      | Noticed kingofstarryskies's ghost (novice HOFi)
 11967 | D:5      | Noticed issech's ghost (novice TrMo)
 12559 | D:5      | Reached skill level 5 in Dodging
 12559 | D:5      | Reached skill level 7 in Transmutations
 12928 | D:4      | Bought a potion of curing for 42 gold pieces
 12928 | D:4      | Bought a potion of curing for 42 gold pieces
 12933 | D:4      | Bought 2 potions of brilliance for 112 gold pieces
 12933 | D:4      | Bought 2 potions of brilliance for 112 gold pieces
 13387 | D:6      | Got Gikk's Compendium of Gliding Ice
 14230 | D:6      | Noticed Menkaure
 14241 | D:6      | Killed Menkaure
 14471 | D:6      | Found a shadowy altar of Dithmenos.
 15156 | D:7      | Found a flagged portal.
 15209 | Bailey   | Entered a bailey
 15307 | Bailey   | Reached skill level 8 in Transmutations
 15307 | Bailey   | Reached XP level 10. HP: 52/58 MP: 18/21
 16679 | D:4      | Bought a potion of curing for 42 gold pieces
 16679 | D:4      | Bought a potion of curing for 42 gold pieces
 16680 | D:4      | Bought a potion of flight for 42 gold pieces
 17775 | D:8      | Reached skill level 9 in Transmutations
 18081 | D:4      | Bought a potion of haste for 140 gold pieces
 18934 | D:9      | Noticed Maggie
 19071 | D:8      | Killed from afar by Maggie

Illustrated notes

Levels and vault maps discovered:
D:1:      minmay_arrival_open_corners, layout_loops_cross
D:2:      layout_loops_ring, ebering_ecumenical_altar_mist
D:3:      lemuel_castle_with_subvaults [lemuel_castle_interior_original],
          layout_basic, dk_noncrumbling_2, chequers_serial_rivers_small_b
D:4:      layout_loops_ring, jmf_multi_god_temple, glass_columns_b,
          minmay_shop_grid_forest, minmay_mini_ossuary, uniq_pikel,
          uniq_grinder, uniq_robin
D:5:      layout_rooms, minmay_temple_entry_statues_fountains,
          gammafunk_ghost_cemetery, grunt_decor_mini_mirrors, grunt_decor_cap
D:6:      layout_cave_pods, grunt_dithmenos_smoke, uniq_menkaure
D:7:      layout_loops_corners, enter_bailey_2
D:8:      layout_layer_cave, minmay_fractal_squares_diagonal_5
D:9:      layout_rooms, nicolae_uskayaw_dance_hall, orc_0_dummy, uniq_maggie
Temple:   eino_temple_scatter_basement

Skill      XL: |  1  2  3  4  5  6  7  8  9 10 |
---------------+-------------------------------+-----
Stealth        | 1 2 3 4 6 7 8 |  8.9
Poison Magic   | 1 2 |  2.0
Ice Magic      | 1 2 |  2.0
Transmutations | 3 4 5 6 8 9 |  9.2
Spellcasting   | 3 5 6 7 8 |  8.6
Dodging        | 3 4 5 6 |  6.5
Fighting       | |  1.0
Unarmed Combat | |  3.0

Action                   |  1- 3 |  4- 6 |  7- 9 | 10-12 || total
-------------------------+-------+-------+-------+-------++-------
Melee: Unarmed           |    62 |   133 |   321 |   153 ||   669
       Kick              |    17 |    48 |    34 |       ||    99
       Constrict         |    16 |    39 |    30 |     1 ||    86
       Tentacles         |    10 |    25 |    29 |     1 ||    65
       Punch             |       |     2 |     3 |       ||     5
 Cast: Beastly Appendage |    21 |    27 |    26 |       ||    74
       Ice Form          |       |     3 |    16 |    22 ||    41
       Wereblood         |       |     1 |     5 |       ||     6
       Spider Form       |       |     1 |    11 |     1 ||    13
 Abil: End Transformatio |       |     1 |       |       ||     1
  Use: Scroll            |       |       |     8 |     2 ||    10
       Potion            |       |       |     1 |     6 ||     7
 Stab: Sleeping          |     6 |       |    11 |     7 ||    24
       Distracted        |       |       |     1 |       ||     1
Armor: Skin              |     6 |     9 |    60 |    52 ||   127
Dodge: Dodged            |    37 |    98 |   233 |    83 ||   451
